3AA
FT. POLK SOUTH THUNDER HAWKS @ VIRGINIA BEACH DEUCES
07/12/2027
 
TOP OF THE 1ST
Ft. Polk South Thunder Hawks batting - Pitching for Virginia Beach Deuces : RHP Orlando Uribe
Pitching: RHP Orlando Uribe
Batting: SHB Kai-xi Choe 0-0: Ball
1-0: Fly out, F8 (Flyball, 8RD)
Batting: RHB Jesús Torres 0-0: Swinging Strike
0-1: Ball
1-1: Fly out, F9 (Line Drive, 9)
Batting: RHB Walt Shelton 0-0: Ball
1-0: Ball
2-0: Called Strike
2-1: Swinging Strike
2-2: Ball
3-2: Foul Ball, location: 2F
3-2: Strikes out looking
Top of the 1st over - 0 run(s), 0 hit(s), 0 error(s), 0 left on base; Ft. Polk South 0 - Virginia Beach 0
BOTTOM OF THE 1ST
Virginia Beach Deuces batting - Pitching for Ft. Polk South Thunder Hawks : RHP Louis McDowell
Pitching: RHP Louis McDowell
Batting: RHB Reg Spiers 0-0: Foul Ball, location: 2F
0-1: Ball
1-1: Called Strike
1-2: Foul Ball, location: 2F
1-2: Ball
2-2: Ball
3-2: Foul Ball, location: 2F
3-2: Ground out 5-3 (Groundball, 56)
Batting: RHB Júlio Becerra 0-0: Ball
1-0: Ball
2-0: Foul Ball, location: 2F
2-1: Foul Ball, location: 2F
2-2: Foul Ball, location: 2F
2-2: Ground out 6-3 (Groundball, 6M)
Batting: RHB Juan González 0-0: Foul Ball, location: 2F
0-1: Ball
1-1: Fly out, F7 (Flyball, 7LSF)
Bottom of the 1st over - 0 run(s), 0 hit(s), 0 error(s), 0 left on base; Ft. Polk South 0 - Virginia Beach 0
TOP OF THE 2ND
Ft. Polk South Thunder Hawks batting - Pitching for Virginia Beach Deuces : RHP Orlando Uribe
Batting: RHB José Morín 0-0: Swinging Strike
0-1: Ball
1-1: Ball
2-1: Swinging Strike
2-2: SINGLE (Line Drive, 6MD)
Batting: SHB Lowell Mullins 0-0: Ball
1-0: Swinging Strike
1-1: Called Strike
1-2: Ball
2-2: Ball
3-2: Foul Ball, location: 2F
3-2: Fly out, F8 (Flyball, 78XD)
Batting: LHB Kelly Drijver 0-0: Ball
José Morín steals 2nd base
1-0: Ball
2-0: Foul Ball, location: 2F
2-1: DOUBLE (Flyball, 9D)
José Morín scores
Batting: RHB Peter Agulera 0-0: Foul Ball, location: 2F
0-1: Foul Ball, location: 2F
0-2: Ball
1-2: Foul Ball, location: 2F
1-2: Ball
2-2: SINGLE (Flyball, 8LS)
Kelly Drijver to third
Runner from 3rd tries for Home, SAFE, no throw
Batting: RHB Gregory Shankland 0-0: Called Strike
0-1: Foul Ball, location: 2F
0-2: Ball
1-2: Fly out, F9 (Flyball, 9S)
Batting: RHB David Phipps 0-0: Fielders Choice at 2nd, 6-4 (Groundball, 6)
Top of the 2nd over - 2 run(s), 3 hit(s), 0 error(s), 0 left on base; Ft. Polk South 2 - Virginia Beach 0
BOTTOM OF THE 2ND
Virginia Beach Deuces batting - Pitching for Ft. Polk South Thunder Hawks : RHP Louis McDowell
Batting: LHB Atílio Mansilhas 0-0: Called Strike
0-1: Ball
1-1: Fly out, F7 (Flyball, 78S)
Batting: SHB Carlos Pérez 0-0: Swinging Strike
0-1: Ball
1-1: Called Strike
1-2: Ball
2-2: SINGLE (Flyball, 78S)
Batting: RHB Dennis Dudash 0-0: Ball
1-0: Grounds into double play, 6-4-3 (Groundball, 6)
Bottom of the 2nd over - 0 run(s), 1 hit(s), 0 error(s), 0 left on base; Ft. Polk South 2 - Virginia Beach 0
TOP OF THE 3RD
Ft. Polk South Thunder Hawks batting - Pitching for Virginia Beach Deuces : RHP Orlando Uribe
Batting: SHB Kai-xi Choe 0-0: Foul Ball, location: 2F
0-1: Foul Ball, location: 2F
0-2: Foul Ball, location: 2F
0-2: Ball
1-2: Ground out 6-3 (Groundball, 6)
Batting: RHB Jesús Torres 0-0: Ball
1-0: Ground out 5-3 (Groundball, 56)
Batting: RHB Walt Shelton 0-0: Ground out 5-3 (Groundball, 56S)
Top of the 3rd over - 0 run(s), 0 hit(s), 0 error(s), 0 left on base; Ft. Polk South 2 - Virginia Beach 0
BOTTOM OF THE 3RD
Virginia Beach Deuces batting - Pitching for Ft. Polk South Thunder Hawks : RHP Louis McDowell
Batting: LHB Ramón Castro 0-0: Ball
1-0: Ball
2-0: Ball
3-0: Base on Balls
Batting: RHB Clarence Weber 0-0: Fly out, F4 (Popup, 34D)
Batting: LHB Kendrick Sullivan 0-0: Ball
1-0: Foul Ball, location: 2F
1-1: Ball
2-1: Ball
3-1: Called Strike
3-2: Strikes out swinging
Batting: RHB Reg Spiers 0-0: Ball
1-0: Foul Ball, location: 2F
1-1: Ball
2-1: Fly out, F9 (Line Drive, 9S)
Bottom of the 3rd over - 0 run(s), 0 hit(s), 0 error(s), 1 left on base; Ft. Polk South 2 - Virginia Beach 0
TOP OF THE 4TH
Ft. Polk South Thunder Hawks batting - Pitching for Virginia Beach Deuces : RHP Orlando Uribe
Batting: RHB José Morín 0-0: Ball
1-0: Ground out 4-3 (Groundball, 4)
Batting: SHB Lowell Mullins 0-0: Called Strike
0-1: Ground out U3 (Groundball, 34)
Batting: LHB Kelly Drijver 0-0: Called Strike
0-1: Ball
1-1: Ground out 4-3 (Groundball, 4)
Top of the 4th over - 0 run(s), 0 hit(s), 0 error(s), 0 left on base; Ft. Polk South 2 - Virginia Beach 0
BOTTOM OF THE 4TH
Virginia Beach Deuces batting - Pitching for Ft. Polk South Thunder Hawks : RHP Louis McDowell
Batting: RHB Júlio Becerra 0-0: Ball
1-0: Ball
2-0: Foul Ball, location: 2F
2-1: Foul Ball, location: 2F
2-2: SINGLE (Line Drive, 6MD)
Batting: RHB Juan González 0-0: Ball
1-0: Ball
2-0: Ball
3-0: Called Strike
3-1: Called Strike
3-2: Strikes out swinging
Batting: LHB Atílio Mansilhas 0-0: Called Strike
0-1: Ball
1-1: Foul Ball, location: 2F
1-2: Ball
2-2: SINGLE (Line Drive, 8LS)
Júlio Becerra to second
Batting: SHB Carlos Pérez 0-0: Ball
1-0: Ball
2-0: Called Strike
2-1: Foul Ball, location: 2F
2-2: Ball
3-2: Foul Ball, location: 2F
3-2: Base on Balls
Júlio Becerra to third
Atílio Mansilhas to second
Pitching: RHP Rubén Sánchez
Batting: RHB Dennis Dudash 0-0: Called Strike
0-1: Ball
1-1: Ball
2-1: Ball
3-1: Base on Balls
Júlio Becerra scores
Atílio Mansilhas to third
Carlos Pérez to second
Batting: LHB Ramón Castro 0-0: Called Strike
0-1: Swinging Strike
0-2: Ball
1-2: Ball
2-2: Foul Ball, location: 2F
2-2: Strikes out swinging
Batting: RHB Clarence Weber 0-0: Called Strike
0-1: Fly out, F5 (Popup, 56)
Bottom of the 4th over - 1 run(s), 2 hit(s), 0 error(s), 3 left on base; Ft. Polk South 2 - Virginia Beach 1
TOP OF THE 5TH
Ft. Polk South Thunder Hawks batting - Pitching for Virginia Beach Deuces : RHP Orlando Uribe
Batting: RHB Peter Agulera 0-0: Ground out 6-3 (Groundball, 6)
Batting: RHB Gregory Shankland 0-0: Called Strike
0-1: Called Strike
0-2: Ball
1-2: Ball
2-2: Strikes out swinging
Batting: RHB David Phipps 0-0: Ball
1-0: Fly out, F8 (Flyball, 8RS)
Top of the 5th over - 0 run(s), 0 hit(s), 0 error(s), 0 left on base; Ft. Polk South 2 - Virginia Beach 1
BOTTOM OF THE 5TH
Virginia Beach Deuces batting - Pitching for Ft. Polk South Thunder Hawks : RHP Rubén Sánchez
Batting: LHB Kendrick Sullivan 0-0: Swinging Strike
0-1: Foul Ball, location: 2F
0-2: Foul Ball, location: 2F
0-2: Ball
1-2: Foul Ball, location: 2F
1-2: Ball
2-2: Foul Ball, location: 2F
2-2: DOUBLE (Flyball, 78D)
Batting: RHB Reg Spiers 0-0: Ball
1-0: Ball
2-0: Ball
3-0: Called Strike
3-1: Swinging Strike
3-2: Strikes out looking
Batting: RHB Júlio Becerra 0-0: Foul Ball, location: 2F
0-1: Ball
1-1: Called Strike
1-2: Ball
2-2: Ball
3-2: Foul Ball, location: 2F
3-2: Foul Ball, location: 2F
3-2: Foul Ball, location: 2F
3-2: Fly out, F5 (Line Drive, 5)
Batting: RHB Juan González 0-0: Ball
1-0: Foul Ball, location: 2F
1-1: Fly out, F7 (Flyball, 78M)
Bottom of the 5th over - 0 run(s), 1 hit(s), 0 error(s), 1 left on base; Ft. Polk South 2 - Virginia Beach 1
TOP OF THE 6TH
Ft. Polk South Thunder Hawks batting - Pitching for Virginia Beach Deuces : RHP Orlando Uribe
Batting: SHB Kai-xi Choe 0-0: Ball
1-0: Swinging Strike
1-1: Foul Ball, location: 2F
1-2: Fly out, F9 (Flyball, 9)
Batting: RHB Jesús Torres 0-0: Fly out, F9 (Line Drive, 9)
Batting: RHB Walt Shelton 0-0: SINGLE (Groundball, 6MD)
Batting: RHB José Morín 0-0: Called Strike
0-1: Called Strike
0-2: Strikes out swinging
Top of the 6th over - 0 run(s), 1 hit(s), 0 error(s), 1 left on base; Ft. Polk South 2 - Virginia Beach 1
BOTTOM OF THE 6TH
Virginia Beach Deuces batting - Pitching for Ft. Polk South Thunder Hawks : RHP Rubén Sánchez
Batting: LHB Atílio Mansilhas 0-0: Ball
1-0: Foul Ball, location: 2F
1-1: Foul Ball, location: 2F
1-2: Foul Ball, location: 2F
1-2: Foul Ball, location: 2F
1-2: Strikes out looking
Batting: SHB Carlos Pérez 0-0: Ball
1-0: Called Strike
1-1: Called Strike
1-2: Ball
2-2: Foul Ball, location: 2F
2-2: Foul Ball, location: 2F
2-2: Fly out, F8 (Line Drive, 89D)
Pitching: RHP Wally Wilkerson
Batting: RHB Dennis Dudash 0-0: Ground out 6-3 (Groundball, 6)
Bottom of the 6th over - 0 run(s), 0 hit(s), 0 error(s), 0 left on base; Ft. Polk South 2 - Virginia Beach 1
TOP OF THE 7TH
Ft. Polk South Thunder Hawks batting - Pitching for Virginia Beach Deuces : RHP Orlando Uribe
Batting: SHB Lowell Mullins 0-0: Ball
1-0: Ball
2-0: Called Strike
2-1: Foul Ball, location: 2F
2-2: Strikes out looking
Batting: LHB Kelly Drijver 0-0: Ball
1-0: Fly out, F9 (Flyball, 9)
Batting: RHB Peter Agulera 0-0: Swinging Strike
0-1: Foul Ball, location: 2F
0-2: Strikes out swinging
Top of the 7th over - 0 run(s), 0 hit(s), 0 error(s), 0 left on base; Ft. Polk South 2 - Virginia Beach 1
BOTTOM OF THE 7TH
Virginia Beach Deuces batting - Pitching for Ft. Polk South Thunder Hawks : RHP Wally Wilkerson
Batting: LHB Ramón Castro 0-0: Swinging Strike
0-1: Foul Ball, location: 2F
0-2: Foul Ball, location: 2F
0-2: Foul Ball, location: 2F
0-2: Ball
1-2: Strikes out swinging
Batting: RHB Clarence Weber 0-0: Foul Ball, location: 2F
0-1: Swinging Strike
0-2: Ball
1-2: Foul Ball, location: 2F
1-2: Ball
2-2: Strikes out swinging
Batting: LHB Kendrick Sullivan 0-0: Called Strike
0-1: Foul Ball, location: 2F
0-2: Strikes out looking
Bottom of the 7th over - 0 run(s), 0 hit(s), 0 error(s), 0 left on base; Ft. Polk South 2 - Virginia Beach 1
TOP OF THE 8TH
Ft. Polk South Thunder Hawks batting - Pitching for Virginia Beach Deuces : RHP Orlando Uribe
Batting: RHB Gregory Shankland 0-0: Ball
1-0: SINGLE (Line Drive, 4MD)
Batting: RHB David Phipps 0-0: Bunted foul
0-1: Ball
1-1: Bunt missed!
1-2: Ball
2-2: Fly out, F8 (Flyball, 8LM)
Batting: SHB Kai-xi Choe 0-0: Called Strike
0-1: Ball
1-1: Ball
2-1: Ball
3-1: Base on Balls
Gregory Shankland to second
Pinch Hitting: RHB Jim Unknown 0-0: Ball
1-0: Called Strike
1-1: Ball
2-1: Called Strike
2-2: SINGLE (Line Drive, 5D)
Gregory Shankland to third
Kai-xi Choe to second
Pinch Hitting: LHB Jim Unknown 0-0: Ball
1-0: Ball
2-0: Foul Ball, location: 2F
2-1: Ball
3-1: Base on Balls
Gregory Shankland scores
Kai-xi Choe to third
Jim Unknown to second
Batting: RHB José Morín 0-0: Ball
1-0: Ball
2-0: Called Strike
2-1: Foul Ball, location: 2F
2-2: Strikes out swinging
Pinch Hitting: RHB César Villarreal 0-0: Ball
1-0: Ball
2-0: Ball
3-0: Called Strike
3-1: Called Strike
3-2: SINGLE (Line Drive, 4MD)
Kai-xi Choe scores
Jim Unknown to third
Jim Unknown to second
Jim Unknown scores
Jim Unknown to third
Pitching: LHP José Carrasco
Batting: LHB Kelly Drijver 0-0: Ball
1-0: Foul Ball, location: 2F
1-1: Ball
Passed Ball!
Jim Unknown scores
César Villarreal to second
2-1: SINGLE (Line Drive, 78M)
César Villarreal to third
Runner from 3rd tries for Home, SAFE, no throw
Batting: RHB Peter Agulera 0-0: Ball
1-0: SINGLE (Groundball, 34D)
Kelly Drijver to second
Runner from 2nd tries for 3rd, SAFE, throw made to third
Batting: RHB Gregory Shankland 0-0: Fly out, F8 (Flyball, 8LM)
Top of the 8th over - 5 run(s), 5 hit(s), 0 error(s), 2 left on base; Ft. Polk South 7 - Virginia Beach 1
BOTTOM OF THE 8TH
Virginia Beach Deuces batting - Pitching for Ft. Polk South Thunder Hawks : RHP Wally Wilkerson
Now at 1B: Jim Unknown
Now in LF: Jim Unknown
Batting: RHB Reg Spiers 0-0: Ball
Now in LF: César Villarreal 1-0: Ball
2-0: Ball
3-0: Base on Balls
Batting: RHB Júlio Becerra 0-0: Ball
1-0: Foul Ball, location: 2F
1-1: Swinging Strike
1-2: SINGLE (Groundball, 34S) (infield hit)
Reg Spiers to second
Batting: RHB Juan González 0-0: Called Strike
0-1: Called Strike
0-2: Ball
1-2: Ground out 5-3 (Groundball, 56S)
Reg Spiers to third
Júlio Becerra to second
Batting: LHB Atílio Mansilhas 0-0: Called Strike
0-1: Ball
1-1: Ball
2-1: Ground out 5-3 (Groundball, 5S)
Batting: SHB Carlos Pérez 0-0: Ball
1-0: Foul Ball, location: 2F
1-1: Ball
2-1: Foul Ball, location: 2F
2-2: Strikes out swinging
Bottom of the 8th over - 0 run(s), 1 hit(s), 0 error(s), 2 left on base; Ft. Polk South 7 - Virginia Beach 1
TOP OF THE 9TH
Ft. Polk South Thunder Hawks batting - Pitching for Virginia Beach Deuces : LHP José Carrasco
Batting: RHB David Phipps 0-0: Ball
1-0: Called Strike
1-1: Foul Ball, location: 2F
1-2: Strikes out swinging
Batting: SHB Kai-xi Choe 0-0: Ground out 5-3 (Groundball, 56)
Batting: RHB Jim Unknown 0-0: Ball
1-0: Foul Ball, location: 2F
1-1: DOUBLE (Line Drive, 78D)
Batting: LHB Jim Unknown 0-0: Ball
1-0: Ball
2-0: Ball
3-0: Called Strike
3-1: Ground out 5-3 (Groundball, 2L)
Top of the 9th over - 0 run(s), 1 hit(s), 0 error(s), 1 left on base; Ft. Polk South 7 - Virginia Beach 1
BOTTOM OF THE 9TH
Virginia Beach Deuces batting - Pitching for Ft. Polk South Thunder Hawks : RHP Wally Wilkerson
Batting: RHB Dennis Dudash 0-0: Ball
1-0: Ball
2-0: Called Strike
2-1: Foul Ball, location: 2F
2-2: Ball
3-2: SINGLE (Flyball, 78S)
Batting: LHB Ramón Castro 0-0: Foul Ball, location: 2F
0-1: Foul Ball, location: 2F
0-2: Ball
1-2: Strikes out swinging
Batting: RHB Clarence Weber 0-0: Ball
1-0: Called Strike
1-1: Ball
2-1: Called Strike
2-2: SINGLE (Groundball, 6MD)
Dennis Dudash to second
Runner from 2nd tries for 3rd, SAFE, throw made to third
Pitching: RHP Tommy Rowe
Batting: LHB Kendrick Sullivan 0-0: Called Strike
0-1: Called Strike
0-2: Fly out, F4 (Popup, 4D)
Batting: RHB Reg Spiers 0-0: Swinging Strike
0-1: Fielders Choice at 2nd, 6-4 (Groundball, 6)
Bottom of the 9th over - 0 run(s), 2 hit(s), 0 error(s), 1 left on base; Ft. Polk South 7 - Virginia Beach 1
Saturday, May 26th, 2018 - OOTP Baseball 17.12 Build 75